 Seeded DCSS version 0.29.1-12-g30fa7ad0bf (webtiles) character file.

Game seed: 3990839637946721268 (custom seed)

1218 lotusamurai3 the Covered (level 8, -4/51 HPs)
             Began as a Tengu Fighter on Dec 24, 2022.
             Was an Initiate of Wu Jian.
             Killed by divine providence
             ... invoked by an orc priest
              (9 damage)
             ... on level 6 of the Dungeon.
             The game lasted 00:06:47 (6216 turns).

lotusamurai3 the Covered (Tengu Fighter)            Turns: 6216, Time: 00:06:48

Health: -4/51      AC:  8    Str: 17    XL:     8   Next: 46%
Magic:  9/9        EV: 19    Int:  8    God:    Wu Jian [......]
Gold:   327        SH:  6    Dex: 22    Spells: 7/7 levels left

rFire   . . .      SeeInvis .   a - +0 long sword
rCold   . . .      Faith    .   c - +0 buckler
rNeg    . . .      Spirit   .   b - +1 scale mail
rPois   .          Reflect  .   (helmet restricted)
rElec   .          Harm     .   (no cloak)
rCorr   .          Rampage  .   (no gloves)
Will    .....                   (boots unavailable)
Stlth   ..........              (no amulet)
HPRegen 0.17/turn               f - +4 ring of evasion
MPRegen 0.11/turn               m - +6 ring of dexterity

@: flying quickly and evasively, quick
A: beak, talons 3, nimble flight
a: Renounce Religion


You were on level 6 of the Dungeon.
You worshipped Wu Jian.
Wu Jian was noncommittal.
You visited 2 branches of the dungeon, and saw 7 of its levels.

You collected 327 gold pieces.

Inventory:

Hand Weapons
 a - a +0 long sword (weapon)
Armour
 b - a +1 scale mail (worn)
 c - a +0 buckler (worn)
Jewellery
 f - a +4 ring of evasion (left hand)
 h - a ring of resist corrosion
 l - a ring of poison resistance
 m - a +6 ring of dexterity (right hand)
Wands
 o - a wand of roots (5)
 t - a wand of flame (9)
Scrolls
 d - a scroll of amnesia {unknown}
 j - a scroll of poison
 k - a scroll of blinking
 n - 3 scrolls of teleportation
 p - a scroll of silence {unknown}
 u - 2 scrolls of identify
 v - a scroll of enchant armour
Potions
 e - 2 potions of lignification {unknown}
 g - 2 potions of curing {unknown}
 q - a potion of berserk rage {unknown}
 r - a potion of cancellation {unknown}
 s - a potion of brilliance {unknown}


   Skills:
 * Level 6.0 Fighting
 + Level 4.6 Long Blades
 * Level 6.7 Armour
 * Level 5.4 Dodging
 - Level 3.0 Shields


You had 7 spell levels left.
You didn't know any spells.
Your spell library contained the following spells:

 Spells                   Type           Power      Damage    Failure   Level
 Ensorcelled Hibernation  Hex/Ice        0%         N/A       95%         2
 Spider Form              Tmut/Pois      0%         N/A       99%         3
 Anguish                  Hex/Necr       0%         N/A       100%        4
 Hailstorm                Conj/Ice       0%         3d3       100%        4
 Ice Form                 Ice/Tmut       0%         N/A       100%        4
 Simulacrum               Ice/Necr       0%         N/A       100%        6


Dungeon Overview and Level Annotations

Branches:
Dungeon (6/15)             Temple (1/1) D:4

Altars:
Ashenzari
Cheibriados
Elyvilon
Gozag
Kikubaaqudgha
Makhleb
Nemelex Xobeh
Okawaru
Qazlal
Ru
Uskayaw
Vehumet
Wu Jian
Zin

Shops:
D:2 :   D:3 *


Innate Abilities, Weirdness & Mutations

You have a beak for a mouth.
You have claws for feet.
Your magical nature lets you fly swiftly and evasively.


Message History

The black bear misses you. The black bear barely misses you.
You block the black bear's attack.
The orc priest mumbles some strange prayers to Beogh against you.
Pain shoots through your body!
* * * LOW HITPOINT WARNING * * *
The orc priest looks satisfied for a moment.
The orc priest begins to cast a cantrip, but forgets the words!
A sky beast comes into view.
The sky beast moves out of view.
The sky beast flickers out of sight!
Deactivating autopickup; reactivate with Ctrl-A.
You slash something! Your peck misses something. Something hits you.
Something shocks you.
* * * LOW HITPOINT WARNING * * *
A sky beast appears from thin air!
Reactivating autopickup.
The sky beast closely misses you.
The sky beast hits you but does no damage.
The sky beast flickers out of sight!
Deactivating autopickup; reactivate with Ctrl-A.
You miss something. Your kick misses something.
A howler monkey comes into view.
Something hits you but does no damage. Something hits you.
* * * LOW HITPOINT WARNING * * *
Something shocks you.
* * * LOW HITPOINT WARNING * * *
The howler monkey hoots and howls with incredible vigour!
Unknown command.
Something completely misses you. You block the black bear's attack.
The black bear closely misses you. The black bear claws you.
* * * LOW HITPOINT WARNING * * *
Unknown command.
You block the black bear's attack. The black bear misses you.
The black bear completely misses you. The orc completely misses you.
The orc priest closely misses you. You block the orc's attack.
The orc priest mumbles some strange prayers to Beogh against you.
Beogh smites you!
You die...

##....#..#
#.#.h..oD.#
##....#.h#
#.#D####h.#
##....#..#
#.#o# #..#
##....#..#
#.#.# #..#
.........#
#.#.# #..#
..######.#
#.#.# #h.# ..#
#... #o# #..#
.## #####
#.##.........#
.#
#@##.#..#.##.#
.#
#.##.#......
##### #.##
....####
##..######
#.## .....
#....##..##
####.<#.....##
#.§Y.h....#
#..#..#......
##)D##....#
#..#..#
.o#+###§h##
#.....# .##
##†# ##.##.#


You could see a steam dragon, an orc priest and an orc.

Vanquished Creatures
  Eustachio (D:5)
  A black bear (D:4)
  An ogre (D:6)
  A centaur (D:6)
  A phantom (D:5)
  A gnoll sergeant (D:3)
  A necrophage (D:6)
  4 scorpions
  2 howler monkeys
  3 hounds
  Ijyb (D:4)
  An iguana (D:5)
  4 adders
  4 gnolls (D:3)
  An ufetubus (D:6)
  3 worms
  2 dart slugs
  10 orcs
  2 ball pythons
  2 bats
  5 endoplasms
  3 giant cockroaches
  5 goblins
  8 hobgoblins
  3 jackals (D:2)
  5 quokkas
  3 frilled lizards
  4 kobolds
  6 rats
88 creatures vanquished.

Vanquished Creatures (others)
  23 plants (D:5)
23 creatures vanquished.

Grand Total: 111 creatures vanquished

Notes
Turn   | Place    | Note
-------+----------+-------------------------------------------
     0 | D:1      | lotusamurai3 the Tengu Fighter began the quest for the Orb.
     0 | D:1      | Reached XP level 1. HP: 14/14 MP: 2/2
   245 | D:1      | Reached XP level 2. HP: 18/19 MP: 3/3
  1041 | D:2      | Reached skill level 1 in Dodging
  1064 | D:2      | Found a faded altar of an unknown god.
  1080 | D:2      | Reached XP level 3. HP: 23/23 MP: 4/4
  1634 | D:2      | Found Huelis's Book Shop.
  1756 | D:2      | Reached XP level 4. HP: 18/28 MP: 5/5
  2248 | D:3      | Noticed a gnoll sergeant
  2495 | D:3      | Found Emuafauv's General Store.
  2738 | D:3      | Gained mutation: Your magical nature lets you fly swiftly
                  | and evasively. [Tengu growth]
  2738 | D:3      | Reached XP level 5. HP: 31/33 MP: 6/6
  3710 | D:3      | Reached XP level 6. HP: 38/38 MP: 7/7
  4004 | D:4      | Reached skill level 5 in Armour
  4077 | D:4      | Noticed a black bear
  4084 | D:4      | Found a staircase to the Ecumenical Temple.
  4165 | Temple   | Entered the Ecumenical Temple
  4215 | Temple   | Became a worshipper of the Wu Jian Council
  4252 | D:4      | Found a burning altar of Makhleb.
  4286 | D:4      | Noticed Ijyb
  4364 | D:4      | Killed a black bear
  4372 | D:4      | Killed Ijyb
  4565 | D:5      | Entered Level 5 of the Dungeon
  4596 | D:5      | Reached XP level 7. HP: 44/44 MP: 8/8
  4896 | D:5      | Noticed Eustachio
  4972 | D:5      | Killed Eustachio
  4973 | D:5      | Reached skill level 5 in Fighting
  5302 | D:5      | Reached XP level 8. HP: 38/50 MP: 9/9
  5879 | D:6      | Found a stormy altar of Qazlal.
  5908 | D:6      | Reached skill level 5 in Dodging
  6216 | D:6      | Killed from afar by an orc priest

Illustrated notes

Levels and vault maps discovered:
D:1:      amcnicky_arrival_flooded_fountain, layout_loops_corners
D:2:      layout_loops_ring, serial_shops, nicolae_shop_waterfront,
          hellmonk_ecumenical_altar_zigzags
D:3:      layout_basic, serial_shops, nicolae_shop_hallway_plus, moated_statue,
          chequers_mini_garden
D:4:      layout_cave_pools, mainiacjoe_overflow_catwalk,
          minmay_temple_entry_mist, uniq_ijyb
D:5:      layout_layer_cave, serial_bayou_lagoon_a, uniq_eustachio
D:6:      minmay_bubble_buster, layout_basic, nicolae_qazlal_scattered_showers,
          nicolae_hepliaklqana_hippocampus
Temple:   nicolae_temple_ecumenical_triangle

Skill      XL: |  1  2  3  4  5  6  7  8 |
---------------+-------------------------+-----
Dodging        | 1 2 3 4 5 |  5.4
Armour         | 4 5 6 |  6.7
Fighting       | 4 5 6 |  6.0
Long Blades    | 3 4 |  4.6
Shields        | |  3.0

Action                   |  1- 3 |  4- 6 |  7- 9 || total
-------------------------+-------+-------+-------++-------
Melee: Long sword        |    86 |    83 |   129 ||   298
       Peck              |    11 |    12 |    26 ||    49
       Kick              |    19 |    19 |    43 ||    81
Invok: Lunge             |       |     1 |     2 ||     3
Evoke: Wand              |       |     5 |       ||     5
  Use: Scroll            |       |    11 |       ||    11
       Potion            |       |     1 |     1 ||     2
Armor: Scale mail        |    26 |    12 |    49 ||    87
Dodge: Dodged            |    44 |    51 |   130 ||   225
Block: Buckler           |    11 |    12 |    48 ||    71
